 Dungeon Crawl Stone Soup version 0.30.0-2-g1aa4bd4387 (webtiles) character file.

Game seed: 5003652795457382667

1934 Jarnaxa the Cudgeller (level 9, 0/67 HPs)
             Began as a Gnoll Wanderer on May 7, 2023.
             Was a Believer of Makhleb.
             Slain by a centaur
             ... wielding a +0 spear
              (5 damage)
             ... in a bailey.
             The game lasted 00:17:15 (6676 turns).

Jarnaxa the Cudgeller (Gnoll Wanderer)              Turns: 6676, Time: 00:17:16

Health: 0/67       AC: 10    Str: 18    XL:     9   Next: 17%
Magic:  18/18      EV: 10    Int: 17    God:    Makhleb [**....]
Gold:   328        SH: 10    Dex: 14    Spells: 21/21 levels left

rFire   + . .        a - +4 mace
rCold   . . .        s - +1 kite shield
rNeg    . . .        y - +0 scale mail
rPois   +            (no helmet)
rElec   .            (no cloak)
rCorr   .            m - +2 pair of gloves
SInv    +            (no boots)
Will    .....        (no amulet)
Stlth   ++           q - ring of Taicra {rPois rF+ Int+4 Dex+6 Stlth+}
HPRegen 0.31/turn    b - ring of see invisible
MPRegen 0.16/turn

%: no passive effects
@: mighty
A: fangs 1, strong nose, distributed training
a: Renounce Religion, Minor Destruction


You were in a bailey.
You worshipped Makhleb.
Makhleb was pleased with you.
You visited 2 branches of the dungeon, and saw 8 of its levels.
You also visited: Bailey.

You collected 328 gold pieces.

Inventory:

Hand Weapons
 a - a +4 mace (weapon)
Armour
 m - a +2 pair of gloves (worn)
 s - a +1 kite shield (worn)
 y - a +0 scale mail (worn)
Jewellery
 b - a ring of see invisible (right hand)
 q - the ring of Taicra (left hand) {rPois rF+ Int+4 Dex+6 Stlth+}
   (You found it on level 2 of the Dungeon)

   [ring of dexterity]

   Int:       It affects your intelligence (+4).
   Dex:       It affects your dexterity (+6).
   rF:        It protects you from fire.
   rPois:     It protects you from poison.
   Stlth:     It makes you more stealthy.
 r - a ring of fire
Wands
 d - a wand of mindburst (7)
 t - a wand of quicksilver (7)
Scrolls
 c - a scroll of blinking
 e - 2 scrolls of enchant weapon
 f - 2 scrolls of identify
 h - 2 scrolls of fear
 i - a scroll of summoning
 n - 3 scrolls of enchant armour
 o - 3 scrolls of teleportation
 u - a scroll of fog
Potions
 g - 2 potions of heal wounds
 j - 4 potions of degeneration
 k - a potion of curing
 l - a potion of lignification
 p - a potion of cancellation {unknown}
 v - a potion of brilliance {unknown}
 z - a potion of resistance


   Skills:
 + Level 4.9 Fighting
 + Level 4.1 Short Blades
 + Level 4.1 Long Blades
 + Level 4.1 Axes
 + Level 7.8 Maces & Flails
 + Level 4.1 Polearms
 + Level 4.1 Staves
 + Level 4.1 Ranged Weapons
 + Level 4.1 Throwing
 + Level 4.9 Armour
 + Level 4.1 Dodging
 + Level 4.8 Stealth
 + Level 4.9 Shields
 + Level 4.1 Unarmed Combat
 + Level 6.5 Spellcasting
 + Level 3.4 Conjurations
 + Level 3.4 Hexes
 + Level 3.4 Summonings
 + Level 4.1 Necromancy
 + Level 3.4 Translocations
 + Level 3.4 Transmutations
 + Level 3.4 Fire Magic
 + Level 3.4 Ice Magic
 + Level 3.4 Air Magic
 + Level 3.4 Earth Magic
 + Level 3.4 Poison Magic
 + Level 4.5 Invocations
 + Level 4.1 Evocations


You had 21 spell levels left.
You didn't know any spells.
Your spell library contained the following spells:

 Spells                   Type           Power      Damage    Failure   Level
 Sublimation of Blood     Necr           19%        N/A       26%         2
 Cigotuvi's Dreadful Rot  Necr/Pois/Air  34%        N/A       30%         2


Dungeon Overview and Level Annotations

Branches:
Dungeon (7/15)             Temple (1/1) D:4          Bailey (1/1)

Altars:
Elyvilon
Fedhas
Gozag
Hepliaklqana
Kikubaaqudgha
Makhleb
Okawaru
Ru
Sif Muna
Trog
Uskayaw
Vehumet
Wu Jian
Yredelemnul
The Shining One


Innate Abilities, Weirdness & Mutations

You have very sharp teeth.
Your uncanny sense of smell can sniff out nearby items.
Your experience applies equally to all skills.


Message History

Things that are here:
a +0 trident; a +0 scale mail; an orc corpse You bludgeon the orc!!
You kill the orc!
Makhleb accepts your kill.
You feel better.
The centaur throws a javelin.
The javelin barely misses you. You block the centaur's attack.
Things that are here:
a +0 trident; a +0 scale mail The centaur hits you but does no damage.
You block the centaur's attack. Why would you want to do that?
The centaur hits you but does no damage.
The centaur hits you from afar with a +0 spear.
* * * LOW HITPOINT WARNING * * *
The centaur hits you with a +0 spear.
* * * LOW HITPOINT WARNING * * *
You block the centaur's attack.
You hit the centaur.
The centaur is lightly wounded.
The centaur hits you with a +0 spear.
* * * LOW HITPOINT WARNING * * *
You block the centaur's attack.
The centaur hits you but does no damage.
The centaur kicks you but does no damage.
You sock the centaur!
The centaur is severely wounded.
You block the centaur's attack. The centaur barely misses you.
You block the centaur's attack. The centaur barely misses you.
You completely miss the centaur.
The centaur is severely wounded.
The centaur hits you with a +0 spear.
* * * LOW HITPOINT WARNING * * *
The centaur kicks you but does no damage.
You sock the centaur! You bite the centaur, but do no damage.
The centaur is almost dead.
You block the centaur's attack.
The centaur kicks you but does no damage.
The centaur hits you with a +0 spear.
You die...

#########
##≈≈≈≈≈≈≈##
##≈≈≈$.$≈≈≈##
####≈≈⌠$...$⌠≈≈##
∆#≈≈≈≈.........≈≈≈
#......≈≈≈≈≈.....
#.....≈≈...≈≈....
+.@≈.≈≈.≈.≈.≈≈.≈.
#c≈≈.≈.≈≈.≈≈.≈.≈≈
#.≈.≈≈)≈...≈.≈≈.≈
#.≈.≈.≈≈...≈≈.≈.≈
#.≈.≈.≈.⌠∩⌠.≈.≈.≈
#.≈.≈.≈..∩..≈.≈.≈
#.≈)≈.≈.⌠∩⌠.≈.≈.≈
#.≈)≈.≈≈...≈≈.≈.≈
#.≈)≈≈.≈...≈.≈≈.≈


You could see a centaur.

Vanquished Creatures
  2 water moccasins
  An orc warrior (D:6)
  An ogre (D:6)
  A centaur (D:7)
  2 phantoms
  2 kobold brigands
  2 bullfrogs
  2 scorpions
  4 wights (D:6)
  3 hounds
  4 jellies (D:6)
  2 orc priests (D:5)
  A sleepcap (D:7)
  An iguana (D:3)
  9 orc wizards
  5 adders
  A white imp (D:7)
  An ufetubus (D:6)
  A worm (D:2)
  2 dart slugs (D:4)
  29 orcs
  5 endoplasms
  2 giant cockroaches (D:1)
  12 goblins
  6 hobgoblins
  5 jackals
  2 quokkas
  7 ball pythons
  3 bats
  2 frilled lizards
  16 kobolds
  4 rats
140 creatures vanquished.

Notes
Turn   | Place    | Note
-------+----------+-------------------------------------------
     0 | D:1      | Jarnaxa the Gnoll Wanderer began the quest for the Orb.
     0 | D:1      | Jarnaxa set off with the following items: a +2 mace, a +0
                  | buckler, a scroll of blinking, a +0 leather armour; and the
                  | following spells available to memorise: Sublimation of
                  | Blood, Cigotuvi's Dreadful Rot.
     0 | D:1      | Reached XP level 1. HP: 17/17 MP: 6/6
   367 | D:1      | Reached XP level 2. HP: 23/23 MP: 7/7
  1285 | D:2      | Reached skill level 5 in Spellcasting
  1285 | D:2      | Reached XP level 3. HP: 27/28 MP: 7/9
  1431 | D:2      | Reached skill level 1 in Invocations
  1433 | D:2      | Identified the ring of Taicra {rPois rF+ Int+4 Dex+6
                  | Stlth+}
  1818 | D:3      | Reached skill level 1 in Short Blades
  1818 | D:3      | Reached skill level 1 in Long Blades
  1818 | D:3      | Reached skill level 1 in Axes
  1818 | D:3      | Reached skill level 1 in Polearms
  1818 | D:3      | Reached skill level 1 in Staves
  1818 | D:3      | Reached skill level 1 in Ranged Weapons
  1818 | D:3      | Reached skill level 1 in Throwing
  1818 | D:3      | Reached skill level 1 in Dodging
  1818 | D:3      | Reached skill level 1 in Unarmed Combat
  1818 | D:3      | Reached skill level 1 in Evocations
  1821 | D:3      | Reached XP level 4. HP: 24/34 MP: 11/11
  1996 | D:3      | Reached skill level 1 in Conjurations
  1996 | D:3      | Reached skill level 1 in Hexes
  1996 | D:3      | Reached skill level 1 in Summonings
  1996 | D:3      | Reached skill level 1 in Translocations
  1996 | D:3      | Reached skill level 1 in Transmutations
  1996 | D:3      | Reached skill level 1 in Fire Magic
  1996 | D:3      | Reached skill level 1 in Ice Magic
  1996 | D:3      | Reached skill level 1 in Air Magic
  1996 | D:3      | Reached skill level 1 in Earth Magic
  1996 | D:3      | Reached skill level 1 in Poison Magic
  2827 | D:4      | Found a staircase to the Ecumenical Temple.
  2844 | D:4      | Noticed a phantom
  2864 | D:4      | Killed a phantom
  2865 | D:4      | Reached XP level 5. HP: 36/41 MP: 12/12
  2878 | Temple   | Entered the Ecumenical Temple
  2970 | Temple   | Became a worshipper of Makhleb the Destroyer
  3352 | D:4      | Found a shimmering blue altar of Sif Muna.
  3881 | D:5      | Entered Level 5 of the Dungeon
  3928 | D:5      | Reached XP level 6. HP: 46/47 MP: 14/14
  4124 | D:5      | Noticed a water moccasin
  4134 | D:5      | Killed a water moccasin
  4135 | D:5      | Reached skill level 7 in Maces & Flails
  4135 | D:5      | Reached XP level 7. HP: 47/52 MP: 15/15
  4775 | D:6      | Reached * piety under Makhleb
  4836 | D:6      | HP: 2/53 [orc warrior/+0 dire flail (4)]
  4839 | D:6      | Reached XP level 8. HP: 5/60 MP: 16/16
  6233 | D:7      | Reached XP level 9. HP: 55/67 MP: 18/18
  6310 | D:7      | Reached ** piety under Makhleb
  6591 | D:7      | Found a flagged portal.
  6597 | Bailey   | Entered a bailey
  6676 | Bailey   | Slain by a centaur

Illustrated notes

Levels and vault maps discovered:
D:1:      scummos_arrival_star, layout_basic, serial_co_window_serial,
          co_window_paths_a, co_window_of_opportunity_a, co_window_cross_1,
          co_window_paths_b, co_window_of_opportunity_a,
          co_window_of_opportunity_a, co_window_2corner, co_window_broadway_a,
          co_window_paths_c, co_window_broadway_b, co_window_corner_b,
          co_window_4corner_b, glass_columns_c, glass_columns_a,
          glass_columns_b, glass_columns_b, glass_columns_a, st_stairs_10,
          minmay_close_crescents
D:2:      layout_basic, serial_aquarium, aquarium_bridge_straight
          [aquarium_subvault_bridge, aquarium_subvault_window,
          aquarium_subvault_bridge, aquarium_subvault_wall],
          aquarium_window_corner, aquarium_window_1, aquarium_view_2d,
          aquarium_view_2c, aquarium_balcony_1b, mrwooster_statue_mirror,
          kennysheep_generic_room_12
D:3:      layout_basic
D:4:      layout_layer_cave, mainiacjoe_overflow_six_doors_small,
          minmay_temple_entry_sparse_star
D:5:      layout_cave_pools
D:6:      layout_rooms, chequers_serial_rivers_micro_d, roderic_lattice_a,
          minmay_misc_feat_nine_boxes, amethyst_killhole
D:7:      layout_rooms, enter_bailey_3
Temple:   zaba_magenta_temple
Bailey:   bailey_polearm_flooded_kennysheep, bailey

Skill      XL: |  1  2  3  4  5  6  7  8 |
---------------+-------------------------+-----
Necromancy     | 2 3 4 |  4.1
Spellcasting   | 5 6 |  6.5
Invocations    | 1 2 3 4 |  4.5
Short Blades   | 1 2 3 4 |  4.1
Long Blades    | 1 2 3 4 |  4.1
Axes           | 1 2 3 4 |  4.1
Polearms       | 1 2 3 4 |  4.1
Staves         | 1 2 3 4 |  4.1
Ranged Weapons | 1 2 3 4 |  4.1
Throwing       | 1 2 3 4 |  4.1
Dodging        | 1 2 3 4 |  4.1
Unarmed Combat | 1 2 3 4 |  4.1
Evocations     | 1 2 3 4 |  4.1
Conjurations   | 1 2 3 |  3.4
Hexes          | 1 2 3 |  3.4
Summonings     | 1 2 3 |  3.4
Translocations | 1 2 3 |  3.4
Transmutations | 1 2 3 |  3.4
Fire Magic     | 1 2 3 |  3.4
Ice Magic      | 1 2 3 |  3.4
Air Magic      | 1 2 3 |  3.4
Earth Magic    | 1 2 3 |  3.4
Poison Magic   | 1 2 3 |  3.4
Fighting       | 3 4 |  4.9
Armour         | 3 4 |  4.9
Shields        | 3 4 |  4.9
Stealth        | 3 4 |  4.8
Maces & Flails | 7 |  7.8

Action                     |  1- 3 |  4- 6 |  7- 9 || total
---------------------------+-------+-------+-------++-------
  Melee: Mace              |    89 |   139 |   284 ||   512
         Bite              |     3 |    14 |    26 ||    43
  Evoke: Wand              |       |       |     1 ||     1
    Use: Scroll            |    11 |     2 |     7 ||    20
         Potion            |       |     1 |     7 ||     8
   Stab: Sleeping          |     5 |     6 |     5 ||    16
 Armour: Leather armour    |    12 |       |       ||    12
         Ring mail         |    11 |    66 |    22 ||    99
         Skin              |       |    48 |       ||    48
         Chain mail        |       |       |    43 ||    43
         Scale mail        |       |       |   109 ||   109
  Dodge: Dodged            |    39 |    55 |   173 ||   267
  Block: Buckler           |    11 |       |       ||    11
         Kite shield       |     6 |   113 |   228 ||   347
